Oilers vs Red Wings
(R1)
Created - July 24, 2022 at 21:11
Goals
|
Oilers |
0 |
3 |
1 |
4 |
Red Wings |
1 |
5 |
0 |
6 |
|
Shots
|
Oilers |
6 |
12 |
8 |
26 |
Red Wings |
9 |
12 |
4 |
25 |
|
1st period
1. Red Wings , Henrik Zetterberg 3 (Marko Dano 9, Nino Niederreiter 10) at 9:18 (PP)
Penalties :
Connor McDavid (Edm) for High sticking (Minor) at 9:04, Marko Dano (Det) for Hooking (Minor) at 15:04
2nd period
2. Red Wings , Kris Versteeg 6 (Connor Brown 6, Marko Dano 10) at 3:57
3. Oilers , Evander Kane 5 (Alex Galchenyuk 8, Patrice Bergeron 6) at 4:51 (PP)
4. Red Wings , Kris Versteeg 7 (Connor Brown 7, Philip Samuelsson 7) at 7:06 (PP)
5. Red Wings , Nino Niederreiter 9 (Marko Dano 11, Ole-Kristian Tollefsen 3) at 7:24
6. Oilers , Patrice Bergeron 4 (Alex Galchenyuk 9) at 7:38
7. Oilers , Nail Yakupov 1 (Ted Purcell 1, Tobias Enstrom 2) at 16:50
8. Red Wings , Nino Niederreiter 10 (Henrik Zetterberg 9, Philip Samuelsson 8) at 17:32
9. Red Wings , Kris Versteeg 8 (Connor Brown 8) at 18:12 (PP)
Penalties :
Ryan O'Byrne (Det) for Tripping (Minor) at 1:01, Henrik Zetterberg (Det) for Interference (Minor) at 4:46, Patrice Bergeron (Edm) for Hooking (Minor) at 6:30, Tyler Toffoli (Edm) for Hooking (Minor) at 8:52, Michael Haley (Det) for Roughing (Minor) at 13:21, Cam Barker (Edm) for High sticking (Minor) at 17:41, Darnell Nurse (Edm) for Holding (Minor) at 19:03
3rd period
10. Oilers , Tyler Toffoli 8 (Connor McDavid 11) at 3:44
Penalties :
Henrik Zetterberg (Det) for Tripping (Minor) at 3:47, Jordin Tootoo (Det) for Hooking (Minor) at 6:25, Cam Barker (Edm) for Close Hand On Puck (Minor) at 10:50, Conor Sheary (Edm) for High sticking (Minor) at 14:46
Goalie Stats
James Reimer (Edm), 12 saves from 16 shots - (0.750), 27:24 minutes
Jonas Hiller (Edm), 7 saves from 9 shots - (0.778), L, 4-3-0, 32:36 minutes
Robin Lehner (Det), 22 saves from 26 shots - (0.846), W, 7-2-1, 60:00 minutes
Players Stats for Oilers
Player Name G A P +/- PIM S H SB GA TA FO MP PP MP PK MP
------------------------------------------------------------------------------------
Alex Galchenyuk 0 2 2 -1 0 1 2 0 1 2 1/3 24:58 5:41 5:33
Cam Barker 0 0 0 -1 4 1 1 1 0 1 0/0 27:58 6:27 4:07
Connor McDavid 0 1 1 0 2 1 1 0 1 0 1/7 18:04 4:19 3:38
Conor Sheary 0 0 0 0 2 2 0 1 0 0 0/0 9:18 0:00 0:00
Darnell Nurse 0 0 0 0 2 0 0 1 0 2 0/0 19:51 3:33 3:20
Duncan Keith 0 0 0 1 0 0 0 2 0 0 0/0 10:35 0:00 0:00
Evander Kane 1 0 1 -1 0 4 1 1 3 0 0/4 19:14 5:41 0:00
Jake Gardiner 0 0 0 -1 0 4 4 2 0 0 0/0 29:31 6:27 5:38
Jussi Jokinen 0 0 0 0 0 0 2 0 0 0 0/1 17:38 4:19 3:11
Leon Draisaitl 0 0 0 0 0 1 1 0 0 0 1/2 11:17 0:00 0:33
Maxim Lapierre 0 0 0 1 0 1 1 1 0 0 0/0 8:27 0:08 0:45
Nail Yakupov 1 0 1 1 0 2 2 0 0 0 0/0 6:48 0:00 0:00
Patrice Bergeron 1 1 2 -1 2 2 0 1 0 1 19/36 24:05 5:33 4:54
Rasmus Ristolainen 0 0 0 0 0 1 0 2 1 1 0/0 20:25 3:33 4:10
Ryan Nugent-Hopkins 0 0 0 0 0 1 1 0 0 0 5/9 9:11 0:00 0:00
Ted Purcell 0 1 1 1 0 2 0 0 0 0 0/1 6:23 0:00 0:00
Tobias Enstrom 0 1 1 1 0 1 0 0 0 3 0/0 11:54 0:00 1:19
Tyler Toffoli 1 0 1 0 2 2 2 0 0 0 0/1 14:59 4:19 0:00
Players Stats for Red Wings
Player Name G A P +/- PIM S H SB GA TA FO MP PP MP PK MP
------------------------------------------------------------------------------------
Carson Mcmillan 0 0 0 0 0 0 1 0 0 0 0/1 13:56 0:32 5:23
Connor Brown 0 3 3 1 0 1 2 0 1 1 1/1 15:15 3:39 0:00
Drew Fata 0 0 0 0 0 0 4 0 0 1 0/0 23:11 5:19 5:53
Dylan Larkin 0 0 0 0 0 1 1 0 1 0 2/4 12:36 3:58 0:50
Henrik Zetterberg 1 1 2 -1 4 4 1 0 0 0 16/29 19:41 5:17 0:00
Jakub Kindl 0 0 0 0 0 0 1 1 0 1 0/0 11:42 0:00 0:27
Jiri Fischer 0 0 0 0 0 1 1 0 0 0 0/0 12:29 0:00 1:14
Jordin Tootoo 0 0 0 0 2 0 0 0 0 0 0/0 7:37 0:21 0:00
Kris Versteeg 3 0 3 1 0 7 1 1 0 0 5/8 21:12 3:39 5:08
Marko Dano 0 3 3 -1 2 1 2 0 2 2 5/7 20:07 5:06 0:47
Michael Haley 0 0 0 0 2 0 1 0 1 0 0/0 9:36 0:00 2:37
Mike Richards 0 0 0 1 0 1 1 0 0 1 6/9 14:51 3:39 0:00
Nino Niederreiter 2 1 3 -1 0 8 1 0 3 0 0/0 22:21 5:06 2:19
Ole-Kristian Tollefsen 0 1 1 0 0 0 2 1 0 0 0/0 21:02 3:58 3:50
Philip Samuelsson 0 2 2 0 0 1 0 1 2 0 0/0 26:45 5:19 3:50
Ryan O'Byrne 0 0 0 0 2 0 1 2 0 0 0/0 20:35 0:00 4:46
T.J. Hensick 0 0 0 0 0 0 3 0 0 0 2/5 10:17 0:32 2:56
Tye McGinn 0 0 0 0 0 0 0 0 0 0 0/0 6:41 0:00 0:00
3 Stars
1 - Kris Versteeg (Det)
2 - Nino Niederreiter (Det)
3 - Connor Brown (Det)
Power Play
Oilers - 1 on 6 Attempt(s) - 16.67%
Red Wings - 3 on 7 Attempt(s) - 42.86%
Penalty Kill
Oilers - 4 on 7 Attempt(s) - 57.14%
- Score 0 goal in Penalty Kill
Red Wings - 5 on 6 Attempt(s) - 83.33%
- Score 0 goal in Penalty Kill
Team Stat
Oilers - Hits : 18 - Faceoff Wins : 27 - Blocked Shots : 12 - Penalty Minutes : 14
Red Wings - Hits : 23 - Faceoff Wins : 37 - Blocked Shots : 6 - Penalty Minutes : 12
Official
Referees : Brad Meier and Kendrick Nicholson
Linesman : Julien Fournier and Tony Sericolo
Game Notes
Jonas Hiller enters game at 7:24 of 2nd period
Kris Versteeg has scored a Hat Trick!
Finance
Level 1 -- Attendance: 6000 (100.00%) -- Ticket Income $600,000
Level 2 -- Attendance: 5000 (100.00%) -- Ticket Income $300,000
Level 3 -- Attendance: 2000 (100.00%) -- Ticket Income $70,000
Level 4 -- Attendance: 4000 (100.00%) -- Ticket Income $100,000
Luxury Box -- Attendance: 1000 (100.00%) -- Ticket Income $200,000
Game was played at the Little Caesars arena.
Total Attendance: 18000 (100.00%)
Total Ticket Income: $1,270,000
Other Income: $190,500
Total Income: $1,460,500
Oilers
5 vs 5 Forward
Center Left Wing Right Wing Time % Phy DF OF
1 Patrice Bergeron Alex Galchenyuk Evander Kane 40 1 2 2
2 Connor McDavid Jussi Jokinen Tyler Toffoli 30 1 2 2
3 Ryan Nugent-Hopkins Leon Draisaitl Conor Sheary 20 1 2 2
4 Maxim Lapierre Ted Purcell Nail Yakupov 10 1 2 2
5 vs 5 Defense
Defense Defense Time % Phy DF OF
1 Jake Gardiner Cam Barker 40 1 2 2
2 Darnell Nurse Rasmus Ristolainen 30 1 2 2
3 Tobias Enstrom Duncan Keith 20 1 2 2
4 Jake Gardiner Cam Barker 10 1 2 2
PowerPlay Forward
Center Left Wing Right Wing Time % Phy DF OF
1 Patrice Bergeron Alex Galchenyuk Evander Kane 60 1 2 2
2 Connor McDavid Jussi Jokinen Tyler Toffoli 40 1 2 2
PowerPlay Defense
Defense Defense Time % Phy DF OF
1 Jake Gardiner Cam Barker 60 1 2 2
2 Darnell Nurse Rasmus Ristolainen 40 1 2 2
Penalty Kill 4 Players Forward
Center Wing Time % Phy DF OF
1 Patrice Bergeron Alex Galchenyuk 60 1 2 2
2 Connor McDavid Jussi Jokinen 40 1 2 2
Penalty Kill 4 Players Defense
Defense Defense Time % Phy DF OF
1 Jake Gardiner Cam Barker 60 1 2 2
2 Darnell Nurse Rasmus Ristolainen 40 1 2 2
Penalty Kill - 3 Players Forward
Forward Time % Phy DF OF
1 Patrice Bergeron 60 1 2 2
2 Connor McDavid 40 1 2 2
Penalty Kill - 3 Players Defense
Defense Defense Time % Phy DF OF
1 Jake Gardiner Cam Barker 60 1 2 2
2 Darnell Nurse Rasmus Ristolainen 40 1 2 2
4 vs 4 Forward
Center Wing Time % Phy DF OF
1 Patrice Bergeron Alex Galchenyuk 60 1 2 2
2 Connor McDavid Jussi Jokinen 40 1 2 2
4 vs 4 Defense
Defense Defense Time % Phy DF OF
1 Jake Gardiner Cam Barker 60 1 2 2
2 Darnell Nurse Rasmus Ristolainen 40 1 2 2
Last Minutes Offensive
Center Left Wing Right Wing Defense Defense
Patrice Bergeron Alex Galchenyuk Evander Kane Jake Gardiner Cam Barker
Last Minutes Defensive
Center Left Wing Right Wing Defense Defense
Patrice Bergeron Alex Galchenyuk Evander Kane Jake Gardiner Cam Barker
Goaltenders
Starting : James Reimer
Backup : Jonas Hiller
Extra Forwards
Normal : Patrice Bergeron, Connor McDavid, Leon Draisaitl - PP : Patrice Bergeron, Connor McDavid - PK : Patrice Bergeron
Extra Defensemen
Normal : Rasmus Ristolainen, Tobias Enstrom, Duncan Keith - PP : Rasmus Ristolainen - PK : Rasmus Ristolainen, Tobias Enstrom
Penalty Shots
Evander Kane, Alex Galchenyuk, Tyler Toffoli, Jussi Jokinen, Patrice Bergeron
Scratches
Andy Rogers (Healthy), Jordan Caron (Healthy)
Red Wings
5 vs 5 Forward
Center Left Wing Right Wing Time % Phy DF OF
1 Henrik Zetterberg Marko Dano Nino Niederreiter 40 1 2 2
2 Mike Richards Kris Versteeg Connor Brown 30 1 2 2
3 Dylan Larkin Tye McGinn Carson Mcmillan 20 1 2 2
4 T.J. Hensick Michael Haley Jordin Tootoo 10 1 2 2
5 vs 5 Defense
Defense Defense Time % Phy DF OF
1 Philip Samuelsson Ryan O'Byrne 40 1 2 2
2 Drew Fata Ole-Kristian Tollefsen 30 1 2 2
3 Jakub Kindl Jiri Fischer 20 1 2 2
4 Jakub Kindl Jiri Fischer 10 1 2 2
PowerPlay Forward
Center Left Wing Right Wing Time % Phy DF OF
1 Henrik Zetterberg Marko Dano Nino Niederreiter 60 2 1 2
2 Mike Richards Kris Versteeg Connor Brown 40 2 1 2
PowerPlay Defense
Defense Defense Time % Phy DF OF
1 Philip Samuelsson Drew Fata 60 1 2 2
2 Dylan Larkin Ole-Kristian Tollefsen 40 1 2 2
Penalty Kill 4 Players Forward
Center Wing Time % Phy DF OF
1 Kris Versteeg Carson Mcmillan 60 0 4 1
2 T.J. Hensick Michael Haley 40 0 4 1
Penalty Kill 4 Players Defense
Defense Defense Time % Phy DF OF
1 Ryan O'Byrne Drew Fata 60 1 4 0
2 Philip Samuelsson Ole-Kristian Tollefsen 40 1 4 0
Penalty Kill - 3 Players Forward
Forward Time % Phy DF OF
1 Carson Mcmillan 60 1 4 0
2 Michael Haley 40 1 4 0
Penalty Kill - 3 Players Defense
Defense Defense Time % Phy DF OF
1 Ole-Kristian Tollefsen Ryan O'Byrne 60 0 5 0
2 Philip Samuelsson Drew Fata 40 0 5 0
4 vs 4 Forward
Center Wing Time % Phy DF OF
1 Henrik Zetterberg Marko Dano 55 1 2 2
2 Nino Niederreiter Connor Brown 45 1 2 2
4 vs 4 Defense
Defense Defense Time % Phy DF OF
1 Philip Samuelsson Ole-Kristian Tollefsen 60 1 2 2
2 Drew Fata Jiri Fischer 40 1 2 2
Last Minutes Offensive
Center Left Wing Right Wing Defense Defense
Henrik Zetterberg Marko Dano Nino Niederreiter Philip Samuelsson Connor Brown
Last Minutes Defensive
Center Left Wing Right Wing Defense Defense
T.J. Hensick Michael Haley Carson Mcmillan Ryan O'Byrne Drew Fata
Goaltenders
Starting : Robin Lehner
Backup : Mike McKenna
Extra Forwards
Normal : Dylan Larkin, Connor Brown, Nino Niederreiter - PP : T.J. Hensick, Carson Mcmillan - PK : Nino Niederreiter
Extra Defensemen
Normal : Philip Samuelsson, Drew Fata, Ryan O'Byrne - PP : Jiri Fischer - PK : Jiri Fischer, Jakub Kindl
Penalty Shots
Kris Versteeg, Dylan Larkin, Marko Dano, Nino Niederreiter, Carson Mcmillan
Scratches
David Krejci (Healthy), David Rundblad (Healthy), Ryane Clowe (Healthy)
% Time on Ice - Oilers
Lines # - Real PCT - Wanted PCT - Time Play
Normal Forward
1 - 35% - 40% - 14:19
2 - 27% - 30% - 11:10
3 - 23% - 20% - 9:11
4 - 15% - 10% - 6:03
Normal Defense
1 - 38% - 40% - 15:26
2 - 31% - 30% - 12:42
3 - 26% - 20% - 10:35
4 - 5% - 10% - 2:00
PP Forward
1 - 57% - 60% - 5:41
2 - 43% - 40% - 4:19
PP Defense
1 - 65% - 60% - 6:27
2 - 36% - 40% - 3:33
PK Forward
1 - 83% - 60% - 7:45
2 - 17% - 40% - 1:32
PK Defense
1 - 61% - 60% - 5:38
2 - 39% - 40% - 3:39
PK3 Forward
1 - 0% - 60%
2 - 0% - 40%
PK3 Defense
1 - 0% - 60%
2 - 0% - 40%
44 Forward
1 - 0% - 60%
2 - 0% - 40%
44 Defense
1 - 0% - 60%
2 - 0% - 40%
Last Minute Offensive - 0:00
Last Minute Defensive - 0:00
Total
Forward - 60:00
Defense - 60:00
|
% Time on Ice - Red Wings
Lines # - Real PCT - Wanted PCT - Time Play
Normal Forward
1 - 38% - 40% - 15:17
2 - 31% - 30% - 12:35
3 - 16% - 20% - 6:41
4 - 15% - 10% - 6:10
Normal Defense
1 - 40% - 40% - 16:14
2 - 33% - 30% - 13:14
3 - 21% - 20% - 8:38
4 - 6% - 10% - 2:37
PP Forward
1 - 57% - 60% - 5:17
2 - 43% - 40% - 4:00
PP Defense
1 - 57% - 60% - 5:19
2 - 43% - 40% - 3:58
PK Forward
1 - 71% - 60% - 7:04
2 - 29% - 40% - 2:56
PK Defense
1 - 62% - 60% - 6:10
2 - 38% - 40% - 3:50
PK3 Forward
1 - 0% - 60%
2 - 0% - 40%
PK3 Defense
1 - 0% - 60%
2 - 0% - 40%
44 Forward
1 - 0% - 55%
2 - 0% - 45%
44 Defense
1 - 0% - 60%
2 - 0% - 40%
Last Minute Offensive - 0:00
Last Minute Defensive - 0:00
Total
Forward - 60:00
Defense - 60:00
|
Play-by-Play
1st period
0:01 of 1st period - Patrice Bergeron wins face-off versus Henrik Zetterberg in neutral zone.
0:16 of 1st period - Backhand shot by Evander Kane.
0:16 of 1st period - Stopped by Robin Lehner without a rebound.
0:17 of 1st period - Mike Richards wins face-off versus Connor McDavid in Red Wings zone.
0:24 of 1st period - Snap shot by Mike Richards.
0:24 of 1st period - Stopped by James Reimer with a rebound.
0:34 of 1st period - Connor Brown is hit by Tyler Toffoli and loses puck.
1:35 of 1st period - Snap shot by Rasmus Ristolainen.
1:35 of 1st period - Stopped by Robin Lehner without a rebound.
1:36 of 1st period - Patrice Bergeron wins face-off versus Henrik Zetterberg in Red Wings zone.
2:28 of 1st period - Duncan Keith is hit by T.J. Hensick and loses puck.
2:47 of 1st period - Snap shot by Nino Niederreiter.
2:47 of 1st period - Shot Blocked by Evander Kane.
4:44 of 1st period - Rasmus Ristolainen is hit by Mike Richards and loses puck.
5:23 of 1st period - Rasmus Ristolainen is hit by Ole-Kristian Tollefsen and loses puck.
5:44 of 1st period - Off-side.
5:45 of 1st period - Henrik Zetterberg wins face-off versus Connor McDavid in neutral zone.
5:54 of 1st period - Wrist shot by Nino Niederreiter.
5:54 of 1st period - Stopped by James Reimer with a rebound.
6:06 of 1st period - Wrist shot by Marko Dano.
6:06 of 1st period - Deflect By Jussi Jokinen.
6:06 of 1st period - Stopped by James Reimer with a rebound.
6:08 of 1st period - Snap shot by Nino Niederreiter.
6:08 of 1st period - Stopped by James Reimer without a rebound.
6:09 of 1st period - Patrice Bergeron wins face-off versus Mike Richards in Oilers zone.
6:22 of 1st period - Snap shot by Mike Richards.
6:22 of 1st period - Deflect By Connor Brown.
6:22 of 1st period - Shot Blocked by Jake Gardiner.
6:22 of 1st period - Puck is out of play.
6:23 of 1st period - Henrik Zetterberg wins face-off versus Evander Kane in Oilers zone.
6:50 of 1st period - Jake Gardiner is hit by Ryan O'Byrne.
7:15 of 1st period - Kris Versteeg is hit by Jussi Jokinen and loses puck.
7:38 of 1st period - Slapshot by Evander Kane.
7:38 of 1st period - Shot Misses the Net.
8:05 of 1st period - Nino Niederreiter is hit by Maxim Lapierre and loses puck.
8:59 of 1st period - Darnell Nurse is hit by Ole-Kristian Tollefsen.
9:04 of 1st period - Minor Penalty to Connor McDavid for High sticking.
9:05 of 1st period - Marko Dano wins face-off versus Patrice Bergeron in Oilers zone.
9:18 of 1st period - Snap shot by Henrik Zetterberg.
9:18 of 1st period - Goal by Henrik Zetterberg - Oilers : 0 - Red Wings : 1.
9:19 of 1st period - Henrik Zetterberg wins face-off versus Patrice Bergeron in neutral zone.
9:22 of 1st period - Evander Kane is hit by Marko Dano and loses puck.
9:45 of 1st period - Connor McDavid is hit by Jakub Kindl and loses puck.
10:06 of 1st period - Snap shot by Tye McGinn.
10:06 of 1st period - Shot Blocked by Duncan Keith.
10:08 of 1st period - Slapshot by Jakub Kindl.
10:08 of 1st period - Deflect By Tye McGinn.
10:08 of 1st period - Shot Misses the Net.
10:08 of 1st period - Puck is out of play.
10:09 of 1st period - Dylan Larkin wins face-off versus Leon Draisaitl in Oilers zone.
10:13 of 1st period - Icing by Cam Barker.
10:14 of 1st period - Henrik Zetterberg wins face-off versus Ryan Nugent-Hopkins in Oilers zone.
10:18 of 1st period - Icing by Jake Gardiner.
10:19 of 1st period - Leon Draisaitl wins face-off versus Henrik Zetterberg in Oilers zone.
10:26 of 1st period - Conor Sheary is hit by Marko Dano and loses puck.
11:07 of 1st period - Snap shot by Ryan Nugent-Hopkins.
11:07 of 1st period - Shot Blocked by Kris Versteeg.
11:09 of 1st period - Snap shot by Cam Barker.
11:09 of 1st period - Stopped by Robin Lehner with a rebound.
11:11 of 1st period - Wrist shot by Conor Sheary.
11:11 of 1st period - Shot Blocked by Philip Samuelsson.
11:13 of 1st period - Wrist shot by Leon Draisaitl.
11:13 of 1st period - Stopped by Robin Lehner without a rebound.
11:14 of 1st period - Henrik Zetterberg wins face-off versus Patrice Bergeron in Red Wings zone.
12:16 of 1st period - Slapshot by Dylan Larkin.
12:16 of 1st period - Stopped by James Reimer with a rebound.
12:18 of 1st period - Wrist shot by Dylan Larkin.
12:18 of 1st period - Shot Misses the Net.
12:46 of 1st period - Drew Fata is hit by Leon Draisaitl and loses puck.
12:55 of 1st period - Snap shot by T.J. Hensick.
12:55 of 1st period - Shot Misses the Net.
12:57 of 1st period - Slapshot by Drew Fata.
12:57 of 1st period - Shot Blocked by Conor Sheary.
12:59 of 1st period - Wrist shot by Ole-Kristian Tollefsen.
12:59 of 1st period - Deflect By T.J. Hensick.
12:59 of 1st period - Shot Blocked by Jake Gardiner.
12:59 of 1st period - Puck is out of play.
13:00 of 1st period - Patrice Bergeron wins face-off versus Henrik Zetterberg in Oilers zone.
13:37 of 1st period - Snap shot by Connor Brown.
13:37 of 1st period - Stopped by James Reimer with a rebound.
14:12 of 1st period - Off-side.
14:13 of 1st period - Ryan Nugent-Hopkins wins face-off versus Dylan Larkin in neutral zone.
14:16 of 1st period - Wrist shot by Conor Sheary.
14:16 of 1st period - Stopped by Robin Lehner with a rebound.
14:18 of 1st period - Slapshot by Leon Draisaitl.
14:18 of 1st period - Shot Misses the Net.
14:20 of 1st period - Slapshot by Duncan Keith.
14:20 of 1st period - Shot Hit the Post.
14:22 of 1st period - Snap shot by Duncan Keith.
14:22 of 1st period - Shot Blocked by Ryan O'Byrne.
14:36 of 1st period - Slapshot by Carson Mcmillan.
14:36 of 1st period - Shot Blocked by Duncan Keith.
14:38 of 1st period - Slapshot by Jiri Fischer.
14:38 of 1st period - Stopped by James Reimer with a rebound.
15:00 of 1st period - Wrist shot by Leon Draisaitl.
15:00 of 1st period - Deflect By Conor Sheary.
15:00 of 1st period - Stopped by Robin Lehner without a rebound.
15:01 of 1st period - Patrice Bergeron wins face-off versus Henrik Zetterberg in Red Wings zone.
15:02 of 1st period - Snap shot by Evander Kane.
15:02 of 1st period - Shot Blocked by Ryan O'Byrne.
15:04 of 1st period - Minor Penalty to Marko Dano for Hooking.
15:05 of 1st period - Kris Versteeg wins face-off versus Patrice Bergeron in Red Wings zone.
15:16 of 1st period - Drew Fata is hit by Cam Barker and loses puck.
15:28 of 1st period - Icing by Jake Gardiner.
15:29 of 1st period - Patrice Bergeron wins face-off versus Kris Versteeg in Oilers zone.
16:03 of 1st period - Slapshot by Rasmus Ristolainen.
16:03 of 1st period - Shot Misses the Net.
16:05 of 1st period - Slapshot by Alex Galchenyuk.
16:05 of 1st period - Shot Misses the Net.
17:04 of 1st period - Penalty to Marko Dano is over, Marko Dano is back on ice.
18:50 of 1st period - Tobias Enstrom is hit by Henrik Zetterberg and loses puck.
19:26 of 1st period - Patrice Bergeron is hit by Drew Fata and loses puck.
19:41 of 1st period - Snap shot by Nino Niederreiter.
19:41 of 1st period - Shot Misses the Net.
19:43 of 1st period - Snap shot by Marko Dano.
19:43 of 1st period - Deflect By Nino Niederreiter.
19:43 of 1st period - Stopped by James Reimer with a rebound.
Goals for this period are 0 for Oilers vs 1 for Red Wings.
Shots for this period are 6 for Oilers vs 9 for Red Wings.
2nd period
0:01 of 2nd period - Henrik Zetterberg wins face-off versus Evander Kane in neutral zone.
0:30 of 2nd period - Kris Versteeg is hit by Tyler Toffoli and loses puck.
1:01 of 2nd period - Minor Penalty to Ryan O'Byrne for Tripping.
1:02 of 2nd period - Kris Versteeg wins face-off versus Patrice Bergeron in Red Wings zone.
2:59 of 2nd period - Rasmus Ristolainen is hit by Nino Niederreiter and loses puck.
3:01 of 2nd period - Penalty to Ryan O'Byrne is over, Ryan O'Byrne is back on ice.
3:06 of 2nd period - Wrist shot by Marko Dano.
3:06 of 2nd period - Deflect By Nino Niederreiter.
3:06 of 2nd period - Stopped by James Reimer without a rebound.
3:07 of 2nd period - T.J. Hensick wins face-off versus Ryan Nugent-Hopkins in Oilers zone.
3:08 of 2nd period - Slapshot by Philip Samuelsson.
3:08 of 2nd period - Stopped by James Reimer without a rebound.
3:09 of 2nd period - Ryan Nugent-Hopkins wins face-off versus T.J. Hensick in Oilers zone.
3:09 of 2nd period - Ryan Nugent-Hopkins is hit by Michael Haley.
3:25 of 2nd period - Wrist shot by Ryan Nugent-Hopkins.
3:25 of 2nd period - Shot Misses the Net.
3:57 of 2nd period - Snap shot by Kris Versteeg.
3:57 of 2nd period - Goal by Kris Versteeg - Oilers : 0 - Red Wings : 2.
3:58 of 2nd period - Marko Dano wins face-off versus Patrice Bergeron in neutral zone.
4:10 of 2nd period - Slapshot by Nino Niederreiter.
4:10 of 2nd period - Shot Misses the Net.
4:12 of 2nd period - Snap shot by Marko Dano.
4:12 of 2nd period - Shot Misses the Net.
4:29 of 2nd period - Wrist shot by Kris Versteeg.
4:29 of 2nd period - Stopped by James Reimer without a rebound.
4:30 of 2nd period - Henrik Zetterberg wins face-off versus Connor McDavid in Oilers zone.
4:41 of 2nd period - Wrist shot by Tyler Toffoli.
4:41 of 2nd period - Shot Misses the Net.
4:43 of 2nd period - Slapshot by Darnell Nurse.
4:43 of 2nd period - Deflect By Tyler Toffoli.
4:43 of 2nd period - Shot Misses the Net.
4:43 of 2nd period - Puck is out of play.
4:44 of 2nd period - Marko Dano wins face-off versus Patrice Bergeron in Red Wings zone.
4:46 of 2nd period - Minor Penalty to Henrik Zetterberg for Interference.
4:47 of 2nd period - Patrice Bergeron wins face-off versus Kris Versteeg in Red Wings zone.
4:51 of 2nd period - Wrist shot by Evander Kane.
4:51 of 2nd period - Goal by Evander Kane - Oilers : 1 - Red Wings : 2.
4:52 of 2nd period - Patrice Bergeron wins face-off versus Marko Dano in neutral zone.
5:28 of 2nd period - Snap shot by Kris Versteeg.
5:28 of 2nd period - Stopped by James Reimer without a rebound.
5:29 of 2nd period - Marko Dano wins face-off versus Connor McDavid in Oilers zone.
6:06 of 2nd period - Snap shot by Evander Kane.
6:06 of 2nd period - Stopped by Robin Lehner without a rebound.
6:07 of 2nd period - Mike Richards wins face-off versus Patrice Bergeron in Red Wings zone.
6:07 of 2nd period - Mike Richards is hit by Jake Gardiner.
6:24 of 2nd period - Wrist shot by Kris Versteeg.
6:24 of 2nd period - Shot Misses the Net.
6:30 of 2nd period - Minor Penalty to Patrice Bergeron for Hooking.
6:31 of 2nd period - Henrik Zetterberg wins face-off versus Connor McDavid in Oilers zone.
7:06 of 2nd period - Slapshot by Kris Versteeg.
7:06 of 2nd period - Goal by Kris Versteeg - Oilers : 1 - Red Wings : 3.
7:07 of 2nd period - Patrice Bergeron wins face-off versus Henrik Zetterberg in neutral zone.
7:16 of 2nd period - Wrist shot by Evander Kane.
7:16 of 2nd period - Stopped by Robin Lehner with a rebound.
7:24 of 2nd period - Slapshot by Nino Niederreiter.
7:24 of 2nd period - Goal by Nino Niederreiter - Oilers : 1 - Red Wings : 4.
7:24 of 2nd period - Jonas Hiller enters game.
7:25 of 2nd period - Henrik Zetterberg wins face-off versus Patrice Bergeron in neutral zone.
7:34 of 2nd period - Snap shot by Jake Gardiner.
7:34 of 2nd period - Stopped by Robin Lehner without a rebound.
7:35 of 2nd period - Patrice Bergeron wins face-off versus Henrik Zetterberg in Red Wings zone.
7:36 of 2nd period - Wrist shot by Alex Galchenyuk.
7:36 of 2nd period - Stopped by Robin Lehner with a rebound.
7:38 of 2nd period - Snap shot by Patrice Bergeron.
7:38 of 2nd period - Goal by Patrice Bergeron - Oilers : 2 - Red Wings : 4.
7:39 of 2nd period - Patrice Bergeron wins face-off versus Henrik Zetterberg in neutral zone.
8:13 of 2nd period - Alex Galchenyuk is hit by Drew Fata and loses puck.
8:20 of 2nd period - Snap shot by Marko Dano.
8:20 of 2nd period - Shot Blocked by Patrice Bergeron.
8:46 of 2nd period - Slapshot by Cam Barker.
8:46 of 2nd period - Shot Misses the Net.
8:51 of 2nd period - Off-side.
8:52 of 2nd period - Connor McDavid wins face-off versus Mike Richards in neutral zone.
8:52 of 2nd period - Minor Penalty to Tyler Toffoli for Hooking.
8:53 of 2nd period - Alex Galchenyuk wins face-off versus Mike Richards in Oilers zone.
10:52 of 2nd period - Penalty to Tyler Toffoli is over, Tyler Toffoli is back on ice.
10:53 of 2nd period - Henrik Zetterberg is hit by Alex Galchenyuk and loses puck.
11:17 of 2nd period - Icing by Tyler Toffoli.
11:18 of 2nd period - Ryan Nugent-Hopkins wins face-off versus T.J. Hensick in Oilers zone.
11:29 of 2nd period - Snap shot by Jordin Tootoo.
11:29 of 2nd period - Shot Misses the Net.
12:07 of 2nd period - Wrist shot by Tyler Toffoli.
12:07 of 2nd period - Stopped by Robin Lehner without a rebound.
12:08 of 2nd period - Marko Dano wins face-off versus Ryan Nugent-Hopkins in Red Wings zone.
12:25 of 2nd period - Snap shot by Henrik Zetterberg.
12:25 of 2nd period - Shot Blocked by Rasmus Ristolainen.
12:35 of 2nd period - Mike Richards is hit by Evander Kane and loses puck.
13:21 of 2nd period - Minor Penalty to Michael Haley for Roughing.
13:22 of 2nd period - Patrice Bergeron wins face-off versus Kris Versteeg in Red Wings zone.
13:26 of 2nd period - Snap shot by Patrice Bergeron.
13:26 of 2nd period - Stopped by Robin Lehner without a rebound.
13:27 of 2nd period - Kris Versteeg wins face-off versus Patrice Bergeron in Red Wings zone.
13:44 of 2nd period - Wrist shot by Alex Galchenyuk.
13:44 of 2nd period - Shot Misses the Net.
14:00 of 2nd period - Cam Barker is hit by T.J. Hensick and loses puck.
15:12 of 2nd period - Icing by Evander Kane.
15:13 of 2nd period - Dylan Larkin wins face-off versus Jussi Jokinen in Oilers zone.
15:21 of 2nd period - Penalty to Michael Haley is over, Michael Haley is back on ice.
15:28 of 2nd period - Snap shot by Nino Niederreiter.
15:28 of 2nd period - Shot Misses the Net.
15:30 of 2nd period - Wrist shot by Nino Niederreiter.
15:30 of 2nd period - Deflect By Conor Sheary.
15:30 of 2nd period - Stopped by Jonas Hiller with a rebound.
15:46 of 2nd period - Snap shot by Ted Purcell.
15:46 of 2nd period - Stopped by Robin Lehner with a rebound.
15:48 of 2nd period - Wrist shot by Nail Yakupov.
15:48 of 2nd period - Shot Misses the Net.
15:50 of 2nd period - Snap shot by Jake Gardiner.
15:50 of 2nd period - Stopped by Robin Lehner without a rebound.
15:51 of 2nd period - Connor Brown wins face-off versus Ted Purcell in Red Wings zone.
15:56 of 2nd period - Slapshot by Kris Versteeg.
15:56 of 2nd period - Stopped by Jonas Hiller without a rebound.
15:57 of 2nd period - Mike Richards wins face-off versus Patrice Bergeron in Oilers zone.
16:10 of 2nd period - Wrist shot by Connor Brown.
16:10 of 2nd period - Shot Misses the Net.
16:50 of 2nd period - Snap shot by Nail Yakupov.
16:50 of 2nd period - Goal by Nail Yakupov - Oilers : 3 - Red Wings : 4.
16:51 of 2nd period - Mike Richards wins face-off versus Evander Kane in neutral zone.
16:54 of 2nd period - Alex Galchenyuk is hit by Connor Brown and loses puck.
17:19 of 2nd period - Wrist shot by Evander Kane.
17:19 of 2nd period - Shot Hit the Post.
17:21 of 2nd period - Snap shot by Connor McDavid.
17:21 of 2nd period - Stopped by Robin Lehner without a rebound.
17:22 of 2nd period - Henrik Zetterberg wins face-off versus Connor McDavid in Red Wings zone.
17:22 of 2nd period - Henrik Zetterberg is hit by Jussi Jokinen.
17:30 of 2nd period - Backhand shot by Henrik Zetterberg.
17:30 of 2nd period - Shot Blocked by Darnell Nurse.
17:32 of 2nd period - Snap shot by Henrik Zetterberg.
17:32 of 2nd period - Deflect By Nino Niederreiter.
17:32 of 2nd period - Goal by Nino Niederreiter - Oilers : 3 - Red Wings : 5.
17:33 of 2nd period - Henrik Zetterberg wins face-off versus Patrice Bergeron in neutral zone.
17:41 of 2nd period - Minor Penalty to Cam Barker for High sticking.
17:42 of 2nd period - Henrik Zetterberg wins face-off versus Patrice Bergeron in Oilers zone.
18:12 of 2nd period - Slapshot by Kris Versteeg.
18:12 of 2nd period - Goal by Kris Versteeg - Oilers : 3 - Red Wings : 6.
18:13 of 2nd period - Henrik Zetterberg wins face-off versus Patrice Bergeron in neutral zone.
18:22 of 2nd period - Wrist shot by Henrik Zetterberg.
18:22 of 2nd period - Deflect By Nino Niederreiter.
18:22 of 2nd period - Stopped by Jonas Hiller with a rebound.
18:48 of 2nd period - Jake Gardiner is hit by Connor Brown and loses puck.
19:03 of 2nd period - Minor Penalty to Darnell Nurse for Holding.
19:04 of 2nd period - Henrik Zetterberg wins face-off versus Patrice Bergeron in Oilers zone.
Goals for this period are 3 for Oilers vs 5 for Red Wings.
Shots for this period are 12 for Oilers vs 12 for Red Wings.
3rd period
0:01 of 3rd period - Henrik Zetterberg wins face-off versus Patrice Bergeron in neutral zone.
0:04 of 3rd period - Slapshot by Drew Fata.
0:04 of 3rd period - Deflect By Henrik Zetterberg.
0:04 of 3rd period - Stopped by Jonas Hiller without a rebound.
0:05 of 3rd period - Patrice Bergeron wins face-off versus Marko Dano in Oilers zone.
0:05 of 3rd period - Patrice Bergeron is hit by Drew Fata.
0:14 of 3rd period - Icing by Drew Fata.
0:15 of 3rd period - Patrice Bergeron wins face-off versus Henrik Zetterberg in Red Wings zone.
0:41 of 3rd period - Wrist shot by Marko Dano.
0:41 of 3rd period - Shot Blocked by Cam Barker.
1:03 of 3rd period - Penalty to Darnell Nurse is over, Darnell Nurse is back on ice.
1:05 of 3rd period - Wrist shot by Henrik Zetterberg.
1:05 of 3rd period - Stopped by Jonas Hiller with a rebound.
1:07 of 3rd period - Slapshot by Henrik Zetterberg.
1:07 of 3rd period - Stopped by Jonas Hiller without a rebound.
1:08 of 3rd period - Mike Richards wins face-off versus Tyler Toffoli in Oilers zone.
1:11 of 3rd period - Snap shot by Kris Versteeg.
1:11 of 3rd period - Stopped by Jonas Hiller with a rebound.
1:19 of 3rd period - Connor McDavid is hit by Jiri Fischer and loses puck.
1:34 of 3rd period - Darnell Nurse is hit by Carson Mcmillan and loses puck.
1:41 of 3rd period - Snap shot by Carson Mcmillan.
1:41 of 3rd period - Shot Blocked by Rasmus Ristolainen.
1:57 of 3rd period - Ryan O'Byrne is hit by Nail Yakupov and loses puck.
2:09 of 3rd period - Icing by T.J. Hensick.
2:10 of 3rd period - Patrice Bergeron wins face-off versus T.J. Hensick in Red Wings zone.
2:19 of 3rd period - Jordin Tootoo is hit by Jake Gardiner.
3:05 of 3rd period - Wrist shot by Nail Yakupov.
3:05 of 3rd period - Stopped by Robin Lehner with a rebound.
3:07 of 3rd period - Wrist shot by Maxim Lapierre.
3:07 of 3rd period - Stopped by Robin Lehner without a rebound.
3:08 of 3rd period - Mike Richards wins face-off versus Alex Galchenyuk in Red Wings zone.
3:35 of 3rd period - Henrik Zetterberg is hit by Connor McDavid and loses puck.
3:42 of 3rd period - Snap shot by Tyler Toffoli.
3:42 of 3rd period - Shot Misses the Net.
3:44 of 3rd period - Backhand shot by Tyler Toffoli.
3:44 of 3rd period - Goal by Tyler Toffoli - Oilers : 4 - Red Wings : 6.
3:45 of 3rd period - Henrik Zetterberg wins face-off versus Evander Kane in neutral zone.
3:47 of 3rd period - Minor Penalty to Henrik Zetterberg for Tripping.
3:48 of 3rd period - Kris Versteeg wins face-off versus Patrice Bergeron in Red Wings zone.
3:48 of 3rd period - Kris Versteeg is hit by Alex Galchenyuk.
3:59 of 3rd period - Slapshot by Jake Gardiner.
3:59 of 3rd period - Stopped by Robin Lehner without a rebound.
4:00 of 3rd period - Patrice Bergeron wins face-off versus Carson Mcmillan in Red Wings zone.
5:47 of 3rd period - Penalty to Henrik Zetterberg is over, Henrik Zetterberg is back on ice.
6:19 of 3rd period - Snap shot by Rasmus Ristolainen.
6:19 of 3rd period - Shot Blocked by Jakub Kindl.
6:25 of 3rd period - Minor Penalty to Jordin Tootoo for Hooking.
6:26 of 3rd period - Kris Versteeg wins face-off versus Alex Galchenyuk in Red Wings zone.
7:00 of 3rd period - Backhand shot by Jake Gardiner.
7:00 of 3rd period - Shot Blocked by Ole-Kristian Tollefsen.
8:25 of 3rd period - Penalty to Jordin Tootoo is over, Jordin Tootoo is back on ice.
9:03 of 3rd period - Slapshot by Duncan Keith.
9:03 of 3rd period - Shot Misses the Net.
9:05 of 3rd period - Wrist shot by Tobias Enstrom.
9:05 of 3rd period - Stopped by Robin Lehner with a rebound.
9:07 of 3rd period - Snap shot by Ted Purcell.
9:07 of 3rd period - Stopped by Robin Lehner with a rebound.
9:50 of 3rd period - Icing by Connor Brown.
9:51 of 3rd period - Ryan Nugent-Hopkins wins face-off versus Henrik Zetterberg in Red Wings zone.
9:54 of 3rd period - Snap shot by Ryan Nugent-Hopkins.
9:54 of 3rd period - Stopped by Robin Lehner without a rebound.
9:55 of 3rd period - Ryan Nugent-Hopkins wins face-off versus Henrik Zetterberg in Red Wings zone.
10:02 of 3rd period - Wrist shot by Leon Draisaitl.
10:02 of 3rd period - Shot Misses the Net.
10:07 of 3rd period - Off-side.
10:08 of 3rd period - Patrice Bergeron wins face-off versus Dylan Larkin in neutral zone.
10:13 of 3rd period - Slapshot by Jake Gardiner.
10:13 of 3rd period - Stopped by Robin Lehner with a rebound.
10:50 of 3rd period - Minor Penalty to Cam Barker for Close Hand On Puck.
10:51 of 3rd period - Patrice Bergeron wins face-off versus Henrik Zetterberg in Oilers zone.
11:10 of 3rd period - Rasmus Ristolainen is hit by Drew Fata and loses puck.
11:27 of 3rd period - Darnell Nurse is hit by Dylan Larkin and loses puck.
12:50 of 3rd period - Penalty to Cam Barker is over, Cam Barker is back on ice.
13:01 of 3rd period - Backhand shot by T.J. Hensick.
13:01 of 3rd period - Deflect By Michael Haley.
13:01 of 3rd period - Shot Blocked by Maxim Lapierre.
13:01 of 3rd period - Puck is out of play.
13:02 of 3rd period - T.J. Hensick wins face-off versus Ryan Nugent-Hopkins in Oilers zone.
13:10 of 3rd period - Tobias Enstrom is hit by T.J. Hensick and loses puck.
13:25 of 3rd period - Jakub Kindl is hit by Nail Yakupov and loses puck.
14:14 of 3rd period - Wrist shot by Connor McDavid.
14:14 of 3rd period - Shot Misses the Net.
14:34 of 3rd period - Ryan O'Byrne is hit by Ryan Nugent-Hopkins.
14:46 of 3rd period - Minor Penalty to Conor Sheary for High sticking.
14:47 of 3rd period - Patrice Bergeron wins face-off versus Henrik Zetterberg in Oilers zone.
14:56 of 3rd period - Philip Samuelsson is hit by Jake Gardiner and loses puck.
15:28 of 3rd period - Rasmus Ristolainen is hit by Kris Versteeg and loses puck.
16:03 of 3rd period - Marko Dano is hit by Jake Gardiner and loses puck.
16:46 of 3rd period - Penalty to Conor Sheary is over, Conor Sheary is back on ice.
Goals for this period are 1 for Oilers vs 0 for Red Wings.
Shots for this period are 8 for Oilers vs 4 for Red Wings.